 Dungeon Crawl Stone Soup version 0.22.1-2-g9c5b331383 (webtiles) character file.

4428 Gargoyl the Chopper (level 10, -1/83 HPs)
             Began as a Centaur Abyssal Knight on Dec 21, 2018.
             Was a High Priest of Lugonu.
             Slain by a merfolk
             ... wielding a +0 spear
              (10 damage)
             ... on level 9 of the Dungeon.
             The game lasted 00:22:42 (14069 turns).

Gargoyl the Chopper (Centaur Abyssal Knight)       Turns: 14069, Time: 00:22:43

Health: -1/83      AC: 10    Str: 16    XL:     10   Next: 14%
Magic:  14/14      EV:  3    Int: 11    God:    Lugonu [*****.]
Gold:   126        SH:  0    Dex: 14    Spells: 9/9 levels left

rFire    + + .     SeeInvis .   p - +1 war axe
rCold    + . .     Gourm    .   (no shield)
rNeg     . . .     Faith    .   y - +0 plate armour
rPois    .         Spirit   .   (no helmet)
rElec    .         Reflect  .   l - scarf {rC+ rF+}
rCorr    .         Harm     .   (no gloves)
MR       .....                  (no barding)
Stlth    ..........             g - amulet of rage
HPRegen  0.23/turn              x - ring of protection from fire
MPRegen  0.14/turn              w - +3 ring of dexterity

@: heavily drained, very quick
A: large, hooves 3, deformed body, speed 2, tough skin 3
a: Depart the Abyss, Bend Space, Banish, Corrupt, Enter the Abyss, Renounce
Religion, Evoke Berserk Rage


You were on level 9 of the Dungeon.
You worshipped Lugonu.
Lugonu was extremely pleased with you.
You were not hungry.

You visited 1 branch of the dungeon, and saw 9 of its levels.
You visited the Abyss 1 time.

You collected 381 gold pieces.
You spent 255 gold pieces at shops.

Inventory:

Hand Weapons
 a - a +2 hand axe
 p - a +1 war axe (weapon)
 q - a +1 antimagic hand axe
 t - a +0 shortbow of freezing
Missiles
 m - 5 javelins (quivered)
 u - 184 arrows
Armour
 d - a +1 buckler
 l - a scarf of resistance (worn)
 y - a +0 plate armour (worn)
Jewellery
 g - an amulet of rage (around neck)
 w - a +3 ring of dexterity (right hand)
 x - a ring of protection from fire (left hand)
Wands
 j - a wand of flame (87)
 r - a wand of paralysis (11)
 s - a wand of random effects (50)
 B - a wand of enslavement (16)
Scrolls
 f - 3 scrolls of fear
 h - 6 scrolls of teleportation
 i - 5 scrolls of identify
 n - 6 scrolls of remove curse
 A - a scroll of blinking
Potions
 b - 3 potions of agility {unknown}
 e - a potion of curing
 k - 2 potions of magic
 o - 4 potions of brilliance
 v - 2 potions of lignification {unknown}
 z - 2 potions of haste
 C - a potion of might
 D - 2 potions of mutation {unknown}
Comestibles
 c - 9 rations


   Skills:
 + Level 6.2(4.4) Fighting
 + Level 7.0(5.2) Axes
 + Level 3.7(2.1) Bows
 + Level 1.4(0.0) Throwing
 * Level 6.7(4.9) Armour
 + Level 2.4(0.8) Dodging
 + Level 1.1(0.0) Shields
 * Level 6.6(4.8) Invocations


You had 9 spell levels left.
You didn't know any spells.
Your spell library was empty.

Dungeon Overview and Level Annotations

Branches:
Dungeon (9/15)             Temple (0/1) D:5            Lair (0/6) D:8
    Orc: D:9-12

Altars:
Cheibriados
Dithmenos
Fedhas
Qazlal
Ru
Trog
Vehumet
Xom
Zin
The Shining One

Shops:
D:8 *%*[[


Innate Abilities, Weirdness & Mutations

You have hooves in place of feet.
Armour fits poorly on your strangely shaped body.
You cover ground very quickly.
You have extremely tough skin. (AC +3)


Message History

The merfolk hits you with a spear. The merfolk barely misses you.
Your plate armour prevents you from hitting the merfolk.
You kick the merfolk.
The merfolk is heavily wounded.
The merfolk hits you with a spear!
You hit the merfolk. You kick the merfolk, but do no damage.
The merfolk is heavily wounded.
The merfolk hits you with a spear!
You slash the merfolk! You kick the merfolk.
The merfolk is severely wounded.
The merfolk hits you but does no damage.
You hit the merfolk but do no damage. You kick the merfolk, but do no damage.
The merfolk is severely wounded.
The merfolk hits you with a spear!!
* * * LOW HITPOINT WARNING * * *
The merfolk hits you but does no damage.
You hit the merfolk.
The merfolk is severely wounded.
The merfolk hits you with a spear!
You die...

....###### 8_..#..... ..........
.......... ########## ......##
#######....)...# ##....#
...............# #....# ###
##...........# #....#
###†#(%#....######..
#....########.'@m..#....# #..
#.............#≈≈≈≈#....# #..
##.............######....# #..
.........................######..
..#.#......#####.................
..._.......# #...#####..<......
###.#......# #...# #.........
#........# #...# #........#
#.<......# #...# #......(.#


You could see a merfolk.

Vanquished Creatures
  A hippogriff (D:7)
  Sigmund (D:5)
  A water moccasin (D:8)
  Duvessa (D:5)
  2 orc warriors
  2 sky beasts
  3 ogres
  A phantom (D:9)
  A necrophage (D:7)
  7 centaurs
  A crocodile (D:8)
  A big kobold (D:7)
  3 bullfrogs
  Dowan (D:5)
  3 scorpions
  5 wights
  A howler monkey (D:6)
  2 crimson imps
  A centaur zombie (D:9)
  2 bullfrog zombies
  4 hounds
  3 jellies
  2 bullfrog skeletons
  6 orc priests
  A centaur skeleton (D:7)
  Natasha (thrice) (D:2)
  7 orc wizards
  6 worker ants
  A killer bee zombie (D:9)
  A howler monkey zombie (D:5)
  4 gnolls
  A howler monkey skeleton (D:7)
  15 adders
  3 shadow imps
  An ooze (D:2)
  An adder zombie (D:9)
  3 worms
  3 dart slugs
  6 leopard geckos
  24 orcs
  7 bats
  12 giant cockroaches
  5 goblins
  11 hobgoblins
  12 jackals
  15 kobolds
  A quokka (D:2)
  A ball python (D:3)
  2 frilled lizards
  A leopard gecko zombie (D:6)
  A quokka zombie (D:5)
  9 rats
212 creatures vanquished.

Vanquished Creatures (others)
  2 worker ants (D:5)
2 creatures vanquished.

Grand Total: 214 creatures vanquished

Notes
Turn   | Place    | Note
-------+----------+-------------------------------------------
     0 | Abyss:1  | Gargoyl the Centaur Abyssal Knight began the quest for the
                  | Orb.
     0 | Abyss:1  | Reached XP level 1. HP: 19/19 MP: 2/2
    41 | Abyss:3  | Noticed a fire elemental
    51 | Abyss:3  | Found a corrupted altar of Lugonu.
    61 | Abyss:3  | Noticed a large abomination
    85 | Abyss:3  | Noticed a fire elemental
    85 | Abyss:3  | Noticed a large abomination
    91 | D:1      | Escaped the Abyss
   194 | D:1      | Reached * piety under Lugonu
   221 | D:1      | Reached XP level 2. HP: 4/26 MP: 3/3
   607 | D:1      | Reached skill level 2 in Axes
   986 | D:1      | Reached XP level 3. HP: 17/31 MP: 4/4
  1246 | D:1      | Reached ** piety under Lugonu
  1502 | D:2      | Reached skill level 1 in Dodging
  1640 | D:2      | Noticed Natasha
  1653 | D:2      | Reached XP level 4. HP: 23/38 MP: 5/5
  1660 | D:2      | Killed Natasha
  1941 | D:2      | Found a shimmering altar of Xom.
  1941 | D:2      | Found a glowing silver altar of Zin.
  1942 | D:2      | Noticed an angel
  2030 | D:2      | Found a shadowy altar of Dithmenos.
  2053 | D:2      | Noticed Natasha
  2558 | D:2      | Killed Natasha
  2600 | D:2      | Reached XP level 5. HP: 41/45 MP: 6/6
  2740 | D:2      | Noticed Natasha
  2755 | D:2      | Killed Natasha
  2755 | D:2      | Reached skill level 3 in Axes
  3727 | D:3      | Reached *** piety under Lugonu
  4289 | D:4      | Reached XP level 6. HP: 49/52 MP: 8/8
  4371 | D:4      | Found a stormy altar of Qazlal.
  4371 | D:4      | Noticed a fire elemental
  4372 | D:4      | Noticed a water elemental
  4373 | D:4      | Noticed an air elemental
  4593 | D:4      | You fall through a shaft for 2 floors!
  4806 | D:5      | Entered Level 5 of the Dungeon
  5029 | D:5      | Reached skill level 4 in Axes
  5029 | D:5      | Reached XP level 7. HP: 37/59 MP: 3/9
  5168 | D:5      | Found a shimmering altar of Xom.
  5212 | D:5      | Noticed Duvessa
  5214 | D:5      | Noticed Dowan
  5232 | D:5      | Killed Duvessa
  5241 | D:5      | Killed Dowan
  6151 | D:5      | Noticed Sigmund
  6159 | D:5      | Reached skill level 1 in Shields
  6770 | D:5      | Killed Sigmund
  6770 | D:5      | Reached XP level 8. HP: 44/67 MP: 3/11
  6936 | D:5      | Found a staircase to the Ecumenical Temple.
  7795 | D:6      | Reached skill level 1 in Bows
  8257 | D:6      | Reached skill level 5 in Fighting
  8261 | D:6      | Found a snail-covered altar of Cheibriados.
  8628 | D:7      | Reached **** piety under Lugonu
  8779 | D:7      | Reached skill level 5 in Armour
  9001 | D:7      | Reached skill level 5 in Axes
  9002 | D:7      | Noticed a hippogriff
  9292 | D:7      | Killed a hippogriff
  9292 | D:7      | Reached skill level 5 in Invocations
  9471 | D:7      | Reached XP level 9. HP: 55/74 MP: 4/12
 10242 | D:7      | Found a sacrificial altar of Ru.
 10739 | D:7      | Reached skill level 6 in Axes
 11030 | D:8      | Found Mecook's Food Emporium.
 11030 | D:8      | Noticed a two-headed ogre
 11031 | D:8      | Banished a two-headed ogre
 11204 | D:8      | Found Ysuess's General Store.
 11252 | D:8      | Bought a scroll of teleportation for 33 gold pieces
 11252 | D:8      | Bought a potion of might for 44 gold pieces
 11252 | D:8      | Bought a scroll of teleportation for 33 gold pieces
 11252 | D:8      | Bought a scroll of enchant armour for 82 gold pieces
 11331 | D:8      | Found Imaen's Armour Shoppe.
 12267 | D:8      | Reached skill level 1 in Throwing
 12388 | D:8      | Found Berasorph's Armour Shop.
 12477 | D:8      | Found a staircase to the Lair.
 12575 | D:8      | Found Maloqeas's Assorted Antiques.
 12579 | D:8      | Bought a potion of curing for 63 gold pieces
 12940 | D:9      | Reached XP level 10. HP: 78/83 MP: 14/14
 13059 | D:9      | Reached skill level 7 in Axes
 13205 | D:9      | Reached ***** piety under Lugonu
 13225 | D:9      | Found a bloodstained altar of Trog.
 13829 | D:9      | Found a blossoming altar of Fedhas.
 13831 | D:9      | Found a radiant altar of Vehumet.
 13914 | D:9      | Found a glowing golden altar of the Shining One.
 14069 | D:9      | Slain by a merfolk

Skill      XL: |  1  2  3  4  5  6  7  8  9 10 |
---------------+-------------------------------+-----
Axes           | 2 3 4 5 6 7 |  7.0
Dodging        | 1 2 |  2.4
Armour         | 2 3 4 5 6 |  6.7
Invocations    | 3 4 5 6 |  6.6
Fighting       | 4 5 6 |  6.2
Shields        | 1 |  1.1
Bows           | 3 |  3.7
Throwing       | 1 |  1.4

Action                   |  1- 3 |  4- 6 |  7- 9 | 10-12 || total
-------------------------+-------+-------+-------+-------++-------
Melee: Hand axe          |   121 |   216 |   277 |       ||   614
       Kick              |    15 |    51 |   101 |    20 ||   187
       War axe           |       |       |   133 |    68 ||   201
 Fire: Shortbow          |       |       |   118 |       ||   118
Throw: Tomahawk          |    10 |     3 |       |       ||    13
       Javelin           |       |       |    16 |       ||    16
Invok: Depart the Abyss  |     1 |       |       |       ||     1
       Banish            |       |       |     1 |       ||     1
  Use: Scroll            |     5 |    10 |     6 |       ||    21
       Potion            |     1 |     1 |     3 |       ||     5
  Eat: Chunk             |     2 |     5 |     6 |     4 ||    17
       Ration            |       |     2 |     4 |       ||     6
Armor: Scale mail        |    98 |   102 |   199 |       ||   399
       Plate armour      |       |       |    44 |    62 ||   106
Dodge: Dodged            |    56 |    58 |   180 |    23 ||   317
Block: Buckler           |    16 |    34 |    14 |       ||    64
